 Dungeon Crawl Stone Soup version 0.17.1-2-g5865329 (webtiles) character file.

39 ololoev the Chopper (level 3, 14/29 HPs)
             Began as a Demonspawn Fighter on Feb 9, 2016.
             Quit the game on level 2 of the Dungeon.
             The game lasted 00:02:06 (405 turns).

ololoev the Chopper (Demonspawn Fighter)             Turns: 405, Time: 00:02:06

Health: 14/29      AC:  8    Str: 22    XL:     3   Next: 26%
Magic:  3/3        EV:  7    Int:  9    God:
Gold:   70         SH:  9    Dex: 12    Spells: 0 memorised, 2 levels left

rFire  . . .     SeeInvis .     a - +0 war axe
rCold  . . .     Clarity  .     b - +0 scale mail
rNeg   . . .     SustAt   .     c - +0 shield
rPois  .         Gourm    .     (no helmet)
rElec  .         Spirit   .     (no cloak)
rCorr  .         Warding  .     d - +1 pair of gloves
rMut   .         Stasis   .     (no boots)
MR     .....                    (no amulet)
Stlth  ..........               (no ring)
                                (no ring)

@: mighty, not resistant to hostile enchantments, extremely unstealthy
A: talons 1, rot immunity
a: no special abilities


Innate Abilities, Weirdness & Mutations

You have sharp toenails.
You are immune to rotting.

Inventory:

Hand Weapons
 a - a +0 war axe (weapon)
Missiles
 g - 6 curare-tipped needles
Armour
 b - a +0 scale mail (worn)
 c - a +0 shield (worn)
 d - a +1 pair of gloves (worn)
Scrolls
 f - a scroll of remove curse {unknown}
 h - a scroll of fear {unknown}
 i - a scroll of identify {unknown}
 k - a scroll of amnesia {unknown}
 n - a scroll of recharging {unknown}
Potions
 j - a potion of brilliance {unknown}
 l - 2 potions of cancellation {unknown}
 m - a potion of haste {unknown}
Comestibles
 e - 2 bread rations


   Skills:
 - Level 3.0 Fighting
 * Level 3.1 Axes
 + Level 3.0 Armour
 - Level 2.6 Shields


You had 2 spell levels left.
You didn't know any spells.


You were on level 2 of the Dungeon.
You were not hungry.

You visited 1 branch of the dungeon, and saw 2 of its levels.

You collected 70 gold pieces.

####..#####.#..........#
...#........#.........##
......### #.#.........#
##.#..# #........####
......##.#######...#
##.<....# #...#
#####..## #...# . .##
##.####..†##### # .
#....?.@†....... # .
?...............
............$.....
.####.#...#.###.
#.#...#.# #.#...# #
#.#...# .....

Notes
Turn   | Place    | Note
--------------------------------------------------------------
     0 | D:1      | ololoev the Demonspawn Fighter began the quest for the Orb.
     0 | D:1      | Reached XP level 1. HP: 18/18 MP: 1/1
   149 | D:1      | Gained mutation: You are immune to rotting. [demonic ancestry]
   149 | D:1      | Reached XP level 2. HP: 24/24 MP: 2/2
   396 | D:2      | Gained mutation: You have sharp toenails. [demonic ancestry]
   396 | D:2      | Reached XP level 3. HP: 14/29 MP: 3/3
   405 | D:2      | Quit the game

Dungeon Overview and Level Annotations

Branches:
Dungeon (2/15)

Altars:


Message History

Found a pair of runed gloves.
Found 7 gold pieces.
An adder and a hobgoblin come into view.
The hobgoblin shouts!
A hobgoblin comes into view.
The hobgoblin shouts!
Found a scroll labeled QEPSAO ETIEMM and a scroll labeled PAEZXE PUFOOSOFE.
Drink which item? (? for menu, Esc to quit)
You feel very mighty all of a sudden. You block the adder's attack.
You closely miss the adder. The adder bites you but does no damage.
You block the adder's attack.
Unknown command.
You slice the adder!!
You kill the adder!
You have reached level 3!
Your experience leads to an increase in your attributes!
Your base attributes are Str 16, Int 9, Dex 12.
Increase (S)trength, (I)ntelligence, or (D)exterity?
You feel stronger.
You feel monstrous as your demonic heritage exerts itself.
Your demonic ancestry asserts itself...
Your toenails lengthen and sharpen.
Your shield and scale mail prevent you from hitting the hobgoblin.
The hobgoblin hits you with a club. The hobgoblin barely misses you.
Unknown command.
You slice the hobgoblin!!
You kill the hobgoblin!
You slash the hobgoblin!
You kill the hobgoblin!
Your Armour skill increases to level 3!
Unknown command.
Things that are here:
a club; a pair of runed gloves
d - a pair of runed gloves Wear which item? (? for menu, Esc to quit)
You start putting on your armour.
You continue putting on your pair of runed gloves. x4
You finish putting on your +1 pair of gloves.
Are you sure you want to abandon this character and quit the game? (Confirm with "yes".)

There were no monsters in sight!

Vanquished Creatures
  An adder (D:2)
  A ball python (D:1)
  2 bats
  A giant cockroach (D:1)
  4 hobgoblins (D:2)
  4 kobolds (D:1)
  A quokka (D:2)
  10 goblins
  2 rats (D:1)
26 creatures vanquished.

Action                   || total
-------------------------++-------
Melee: War axe           ||    59
  Use: Potion            ||     1

Vault maps used:
D:1:      minmay_arrival_split_and_join
D:2:      kennysheep_the_goblin_king
